 Dungeon Crawl Stone Soup version 0.29.1-13-g9f3cf754e1 (webtiles) character file.

Game seed: 13552349415611497889

2515 cdecastro the Thaumaturge (level 9, -7/55 HPs)
             Began as a Djinni Fire Elementalist on Feb 4, 2023.
             Was an Initiate of Ashenzari.
             Killed from afar by a white imp (16 damage)
             ... with a puff of frost
             ... on level 8 of the Dungeon.
             The game lasted 00:16:05 (9857 turns).

cdecastro the Thaumaturge (DjFE)                    Turns: 9857, Time: 00:16:06

Health: -7/55      AC:  4    Str:  7      XL:     9   Next: 83%
Gold:   470        EV: 12    Int: 20      God:    Ashenzari [......] SH:  5 Dex: 14 (15)

rFire   + + +      SeeInvis .   z - +3 dagger (venom)
rCold   x . .      Faith    .   (no shield)
rNeg    + . .      Spirit   .   a - +0 robe
rPois   ∞          Reflect  +   f - +1 helmet
rElec   .          Harm     .   (no cloak)
rCorr   .          Rampage  .   (no gloves)
Will    .....                   (boots unavailable)
Stlth   ++........              r - amulet of reflection
HPRegen 0.18/turn               m - ring of protection from fire
MPRegen 0.00/turn               q - ring of positive energy

@: flying
A: sickness immunity, fire resistance 2, cold vulnerability 1, float, innate
caster, HP casting, extra vitality 1
a: Renounce Religion


You were on level 8 of the Dungeon.
You worshipped Ashenzari.
Ashenzari was noncommittal.
You visited 2 branches of the dungeon, and saw 9 of its levels.

You collected 470 gold pieces.

Inventory:

Hand Weapons
 o - a +2 vorpal flail
 w - a +0 dagger of draining
 y - a +2 short sword of electrocution
 z - a +3 dagger of venom (weapon)
Armour
 a - a +0 robe (worn)
 f - a +1 helmet (worn)
 j - a +0 leather armour
Jewellery
 m - a ring of protection from fire (left hand)
 q - a ring of positive energy (right hand)
 r - an amulet of reflection (around neck)
 v - a ring of positive energy
 D - a ring of positive energy
Wands
 n - a wand of roots (11)
 t - a wand of flame (3)
 u - a wand of paralysis (8)
Scrolls
 b - 2 scrolls of amnesia {unknown}
 d - 2 scrolls of immolation {unknown}
 g - 2 scrolls of enchant armour {unknown}
 h - 2 scrolls of summoning {unknown}
 k - 3 scrolls of identify {unknown}
 l - a scroll of vulnerability {unknown}
 p - 3 scrolls of butterflies {unknown}
 s - 3 scrolls of torment {unknown}
 x - a scroll of noise {unknown}
 A - a scroll of poison {unknown}
 B - a scroll of magic mapping {unknown}
 C - a scroll of fear {unknown}
Potions
 c - 3 potions of brilliance {unknown}
 e - 2 potions of might {unknown}
 i - 4 potions of heal wounds {unknown}


   Skills:
 + Level 0.0 Fighting
 - Level 2.1 Dodging
 - Level 1.5 Stealth
 - Level 10.1 Spellcasting


You had 6 spell levels left.
You knew the following spells:

 Your Spells              Type           Power      Damage    Failure   Level
a - Foxfire               Conj/Fire      100%       2x1d9     1%          1
b - Scorch                Fire           100%       2d10      1%          2
c - Conjure Flame         Conj/Fire      50%        6-21      1%          3
d - Inner Flame           Hex/Fire       50%        N/A       1%          3
e - Flame Wave            Conj/Fire      50%        2d12      1%          4
f - Beastly Appendage     Tmut           100%       N/A       1%          1
g - Call Imp              Summ           50%        N/A       1%          2
h - Call Canine Familiar  Summ           50%        N/A       1%          3
i - Mephitic Cloud        Conj/Pois/Air  50%        N/A       1%          3
Your spell library was empty.

Dungeon Overview and Level Annotations

Branches:
Dungeon (8/15)             Temple (1/1) D:7
   Lair: D:8-11

Altars:
Ashenzari
Cheibriados
Dithmenos
Elyvilon
Gozag
Hepliaklqana
Makhleb
Nemelex Xobeh
Okawaru
Qazlal
Ru
Trog
Wu Jian
Xom
Yredelemnul
The Shining One

Annotations:
D:5 Sigmund


Innate Abilities, Weirdness & Mutations

You are immune to sickness and miasma.
You are immune to poison.
Your flesh is very heat resistant. (rF++)
You are vulnerable to cold. (rC-)
You float through the air rather than walking.
You learn spells naturally, not from books.
Your magical power is your life essence.
You have superior vitality. (+4 MHP)


Message History

The yak attacks as you move away! You block the yak's attack.
The yak smothers the flame.
Casting: Conjure Flame (safe; 1% risk of failure)
Confirm with . or Enter, or press ? or * to list all spells.
Flames lash the yak.
The yak is moderately wounded.
The yak's fire resistance burns away.
The yak closely misses you.
Unknown command.
Casting: Scorch (safe; 1% risk of failure)
Confirm with . or Enter, or press ? or * to list all spells.
Flames lash the yak.
The yak is burned terribly!
The yak is severely wounded.
The yak gores you!
Unknown command.
Casting: Scorch (safe; 1% risk of failure)
Confirm with . or Enter, or press ? or * to list all spells.
Flames lash the yak.
The yak is burned terribly!
You kill the yak!
The orc warrior hits you from afar with a +1 trident of flaming!
* * * LOW HITPOINT WARNING * * *
The orc warrior burns you.
* * * LOW HITPOINT WARNING * * *
Your Spellcasting skill increases to level 10!
Casting: Scorch (safe; 1% risk of failure)
Confirm with . or Enter, or press ? or * to list all spells.
The fire begins to smoulder!
* * * LOW HITPOINT WARNING * * *
The orc warrior hits you from afar with a +1 trident of flaming.
* * * LOW HITPOINT WARNING * * *
Unknown command.
The fire ignites!
Unknown command.
Unknown command.
A yak comes into view.
Unknown command.
A yak comes into view.
A white imp comes into view.
The white imp shouts, "Remove thy stench, thou quaking weevil-witted bloater!"
The white imp gestures at you. The puff of frost hits you!
You feel a terrible chill!
You die...

...<##<# ...# #...# #.# #
..##...#####...#####...#
#.#### #.
#.#.........5.5.....#####.....
#.
#.####.#.#.####.#.........####
# #.#
#.#.#.###.#...######.#### #.#
#........###5............ #.#
#.....###.#...######.#### #.#
#...######.#..# #.# #.#
#.......@.....# #.#
#........####.# #.# ##.#####.#
#.# #.# #.# #.# #.# #.. #.#
#.# #.# ### #. #.# #.# #. #.#
#.# #.# #.# #.####.#


You could see a white imp.

Vanquished Creatures
  A yak (D:8)
  A water moccasin (D:7)
  2 black bears
  An ice beast (D:6)
  An orc warrior (D:7)
  A centaur (D:6)
  An ogre (D:5)
  2 kobold brigands (D:7)
  7 bullfrogs
  4 scorpions
  A gnoll sergeant (D:7)
  2 howler monkeys (D:7)
  A quasit (D:8)
  7 orc priests
  A gnoll bouda (D:4)
  2 hounds (D:6)
  2 iguanas (D:6)
  A jelly (D:6)
  Jessica (D:2)
  4 orc wizards
  8 gnolls
  3 adders
  2 shadow imps
  3 white imps
  3 ufetubi
  A worm (D:3)
  11 orcs
  6 endoplasms
  3 giant cockroaches
  11 goblins
  6 hobgoblins
  4 jackals (D:5)
  11 kobolds
  A quokka (D:1)
  5 ball pythons
  3 bats
  6 frilled lizards
  8 rats
138 creatures vanquished.

Vanquished Creatures (others)
  5 demonic plants (D:8)
  89 foxfires
  2 plants (D:7)
96 creatures vanquished.

Grand Total: 234 creatures vanquished

Notes
Turn   | Place    | Note
-------+----------+-------------------------------------------
     0 | D:1      | cdecastro the Djinni Fire Elementalist began the quest for
                  | the Orb.
     0 | D:1      | cdecastro set off with the following spells memorised:
                  | Foxfire, Scorch, Conjure Flame, Inner Flame, Flame Wave.
     0 | D:1      | Reached XP level 1. HP: 15/15 MP: 0/0
   261 | D:1      | Reached XP level 2. HP: 19/21 MP: 0/0
   532 | D:1      | Reached skill level 3 in Spellcasting
   756 | D:1      | Found a faded altar of an unknown god.
   797 | D:1      | Reached XP level 3. HP: 24/25 MP: 0/0
   797 | D:1      | Learned a level 1 spell: Beastly Appendage
  1082 | D:2      | Noticed Jessica
  1088 | D:2      | Killed Jessica
  1089 | D:2      | Reached XP level 4. HP: 27/31 MP: 0/0
  1881 | D:3      | Found a burning altar of Makhleb.
  2018 | D:3      | Reached skill level 4 in Spellcasting
  2018 | D:3      | Reached XP level 5. HP: 32/35 MP: 0/0
  2018 | D:3      | Learned a level 2 spell: Call Imp
  2236 | D:3      | Found a sacrificial altar of Ru.
  3545 | D:4      | Reached XP level 6. HP: 23/40 MP: 0/0
  3694 | D:4      | Reached skill level 5 in Spellcasting
  4785 | D:5      | Entered Level 5 of the Dungeon
  4840 | D:5      | Noticed a black bear
  4868 | D:5      | Killed a black bear
  4869 | D:5      | Reached XP level 7. HP: 36/45 MP: 0/0
  4869 | D:5      | Learned a level 3 spell: Call Canine Familiar
  5069 | D:5      | Reached skill level 6 in Spellcasting
  5458 | D:5      | Noticed Sigmund
  5616 | D:5      | Reached XP level 8. HP: 41/50 MP: 0/0
  6072 | D:6      | Reached skill level 7 in Spellcasting
  6931 | D:6      | Reached skill level 8 in Spellcasting
  7515 | D:7      | Reached XP level 9. HP: 36/55 MP: 0/0
  7515 | D:7      | Learned a level 3 spell: Mephitic Cloud
  7682 | D:7      | Found a staircase to the Ecumenical Temple.
  8042 | D:7      | Reached skill level 9 in Spellcasting
  9096 | Temple   | Entered the Ecumenical Temple
  9138 | Temple   | Became a worshipper of Ashenzari the Shackled
  9825 | D:8      | Found a shadowy altar of Dithmenos.
  9840 | D:8      | Reached skill level 10 in Spellcasting
  9857 | D:8      | Killed from afar by a white imp

Illustrated notes

Levels and vault maps discovered:
D:1:      reono_arrival_mine, layout_loops_ring,
          chequers_ecumenical_altar_simple
D:2:      layout_loops_ring, minmay_tetromino_s4, uniq_jessica
D:3:      layout_loops_ring, mainiacjoe_overflow_concentric_impassable,
          lightli_temple_of_fire, ebering_dispersal_statue_hall
D:4:      layout_basic, vehumet_altar_wand_db
D:5:      layout_basic, hangedman_decor_slide_cut, hangedman_decor_riveting,
          uniq_sigmund
D:6:      layout_gridville
D:7:      layout_gridville, minmay_temple_entry_overgrown, minivault_5,
          david_defended_altar_orc
D:8:      layout_loops_ring, nicolae_dithmenos_shadow_blocks, marbit_many_paths,
          lair_entry_dummy, serial_demonic, serial_demonic_a, serial_demonic_f,
          serial_demonic_f, serial_demonic_e
Temple:   hellmonk_temple_of_storms

Skill      XL: |  1  2  3  4  5  6  7  8  9 |
---------------+----------------------------+-----
Spellcasting   | 3 4 5 6 8 10 | 10.1
Dodging        | |  2.1
Stealth        | |  1.5

Action                   |  1- 3 |  4- 6 |  7- 9 || total
-------------------------+-------+-------+-------++-------
Melee: Dagger            |       |       |     2 ||     2
 Cast: Foxfire           |    35 |    18 |       ||    53
       Scorch            |     1 |    52 |   118 ||   171
       Conjure Flame     |       |     2 |     4 ||     6
       Flame Wave        |       |       |     4 ||     4
       Mephitic Cloud    |       |       |     1 ||     1
 Stab: Sleeping          |       |       |     1 ||     1
Armor: Robe              |     4 |     3 |    21 ||    28
Dodge: Dodged            |    15 |    10 |    34 ||    59
Block: Other             |       |       |    14 ||    14
       Reflection        |       |       |     2 ||     2
